 Dungeon Crawl Stone Soup version 0.22-a0-49-g614aadd (webtiles) character file.

92 KristoblXynda the Charmwright (level 4, -1/36 HPs)
             Began as a Draconian Skald on Jan 8, 2018.
             Slain by a phantom (7 damage)
             ... on level 4 of the Dungeon.
             The game lasted 00:05:57 (4051 turns).

KristoblXynda the Charmwright (Draconian Skald)     Turns: 4051, Time: 00:05:58

Health: -1/36      AC:  5    Str: 13    XL:     4   Next: 35%
Magic:  8/8        EV: 12    Int: 15    God:
Gold:   93         SH:  0    Dex: 10    Spells: 1/8 levels left

rFire    + . .     SeeInvis .   q - +0 flail
rCold    + . .     Gourm    .   (no shield)
rNeg     . . .     Faith    .   (armour unavailable)
rPois    +         Spirit   .   (helmet restricted)
rElec    +         Reflect  .   (no cloak)
rCorr    +         Harm     .   (no gloves)
MR       .....                  (no boots)
Stlth    ++........             (no amulet)
HPRegen  0.12/turn              d - ring of stealth
MPRegen  0.11/turn              (no ring)

@: confused, resistant (expiring), infused (expiring)
A: unfitting armour, cold-blooded, AC +5
a: no special abilities


You were on level 4 of the Dungeon.
You were not hungry.

You visited 1 branch of the dungeon, and saw 4 of its levels.

You collected 93 gold pieces.

Inventory:

Hand Weapons
 q - a +0 flail (weapon)
Jewellery
 d - a ring of stealth (left hand)
Scrolls
 e - a scroll of identify
 f - a scroll of enchant weapon {unknown}
 h - a scroll of teleportation
 j - a scroll of noise {unknown}
 l - 2 scrolls of remove curse {unknown}
 n - a scroll of amnesia {unknown}
 o - a scroll of magic mapping {unknown}
Potions
 i - 2 potions of flight
 k - a potion of ambrosia
 p - a potion of agility
Books
 b - a book of Battle

   Spells                             Type                      Level
   a - Infusion                       Charms                       1
   b - Shroud of Golubria             Charms/Translocation         2
   c - Song of Slaying                Charms                       2
   d - Spectral Weapon                Hexes/Charms                 3
   e - Regeneration                   Charms/Necromancy            3
Comestibles
 c - 3 rations


   Skills:
 - Level 2.1 Fighting
 + Level 2.9 Maces & Flails
 + Level 2.8 Dodging
 + Level 2.7 Spellcasting
 + Level 3.3 Charms


You had one spell level left.
You knew the following spells:

 Your Spells              Type           Power        Failure   Level  Hunger
a - Infusion              Chrm           ##..         5%          1    #......
b - Regeneration          Chrm/Necr      #.........   30%         3    ###....
c - Spectral Weapon       Hex/Chrm       #.......     30%         3    ###....


Dungeon Overview and Level Annotations

Branches:
Dungeon (4/15)
 Temple: D:4-7

Altars:
Dithmenos
Trog

Annotations:
D:3 Sigmund
D:4 Dowan, Duvessa


Innate Abilities, Weirdness & Mutations

Your plain brown scales are hard. (AC +5)
You cannot fit into any form of body armour.
You are cold-blooded and may be slowed by cold attacks.


Message History

The orc is heavily wounded.
You start to feel less resistant.
The orc hits you but does no damage.
The phantom blinks!
The orc hits you but does no damage.
You hit the orc.
You kill the orc!
You thump the phantom!
The phantom is severely damaged.
Your magical infusion is running out.
The phantom closely misses you.
You hit the phantom.
You tail-slap the phantom, but do no damage.
The phantom is almost destroyed.
The phantom hits you!
* * * LOW HITPOINT WARNING * * *
You are confused.
You feel invigorated. The phantom hits you.
* * * LOW HITPOINT WARNING * * *
The phantom hits you!
You die...

#..##..............
. #..#...........
#..............
##..............
##...............
#..................
##........†........
#........W>........
...........@..!.....
....................
...................
..................
.................
.............###
.............#
.........##..#


You could see a phantom.

Vanquished Creatures
  An adder (D:3)
  An ooze (D:2)
  2 worms (D:2)
  A dart slug (D:3)
  A leopard gecko (D:1)
  6 orcs
  5 bats
  2 giant cockroaches
  9 goblins
  4 hobgoblins (D:1)
  6 jackals
  6 kobolds
  A quokka (D:2)
  A ball python (D:1)
  3 frilled lizards
  15 rats
64 creatures vanquished.

Vanquished Creatures (others)
  An orc (D:3)
1 creature vanquished.

Grand Total: 65 creatures vanquished

Notes
Turn   | Place    | Note
-------+----------+-------------------------------------------
     0 | D:1      | KristoblXynda the Draconian Skald began the quest for the Orb.
     0 | D:1      | Reached XP level 1. HP: 17/17 MP: 3/3
   125 | D:1      | Reached XP level 2. HP: 13/24 MP: 5/5
   925 | D:1      | Reached skill level 3 in Charms
  1486 | D:2      | Reached XP level 3. HP: 17/29 MP: 6/6
  1591 | D:2      | Found a shadowy altar of Dithmenos.
  1885 | D:2      | Learned a level 3 spell: Regeneration
  1889 | D:2      | Learned a level 3 spell: Spectral Weapon
  2398 | D:3      | Noticed Sigmund
  3104 | D:3      | Reached XP level 4. HP: 25/36 MP: 2/7
  3461 | D:3      | Found a bloodstained altar of Trog.
  3703 | D:4      | Noticed a slave
  3703 | D:4      | Noticed a slave
  3721 | D:4      | Noticed Dowan
  3751 | D:4      | Noticed Duvessa
  3973 | D:4      | Noticed a phantom
  4049 | D:4      | HP: 1/36 [phantom (8)]
  4051 | D:4      | Slain by a phantom

Vault maps used:
D:1:      roderic_dead_forest
D:2:      nicolae_dithmenos_shadow_blocks, first_ration
D:3:      serial_glass, glass_columns_a, glass_columns_a,
          trog_three_pillars_becter, uniq_sigmund
D:4:      serial_shops, shop_fountains, uniq_duvessa, uniq_pikel, uniq_robin

Skill      XL: |  1  2 |
---------------+-------+-----
Charms         | 3 |  3.3
Fighting       | |  2.1
Maces & Flails | |  2.9
Dodging        | |  2.8
Spellcasting   | |  2.7

Action                   |  1- 3 |  4- 6 || total
-------------------------+-------+-------++-------
Melee: Mace              |   166 |    44 ||   210
       Tailslap          |    18 |     6 ||    24
       Flail             |       |    16 ||    16
 Cast: Infusion          |     7 |     8 ||    15
  Use: Scroll            |     2 |     1 ||     3
       Potion            |       |     3 ||     3
 Stab: Sleeping          |     4 |     2 ||     6
       Distracted        |     2 |       ||     2
  Eat: Chunk             |     4 |     1 ||     5
       Ration            |     1 |     1 ||     2
Armor: Skin              |    53 |    25 ||    78
Dodge: Dodged            |   125 |    57 ||   182

Table legend:
 A = Spawn XP
 B = Non-spawn XP
 C = Spawn XP percentage of total XP
 D = Spawn monster count
 E = Non-spawn monster count
 F = Spawn count percentage of total count
 G = Total turns spent on level
                    A         B        C        D         E        F      G
               +---------+---------+-------+---------+---------+-------+---------
         Total |       0 |     132 |   0.0 |       0 |      64 |   0.0 |  4051
               +---------+---------+-------+---------+---------+-------+---------
           D:1 |       0 |      39 |   0.0 |       0 |      24 |   0.0 |  1366
           D:2 |       0 |      43 |   0.0 |       0 |      20 |   0.0 |  1534
           D:3 |       0 |      37 |   0.0 |       0 |      15 |   0.0 |   803
           D:4 |       0 |      13 |   0.0 |       0 |       5 |   0.0 |   348
               +---------+---------+-------+---------+---------+-------+---------
